3A
NEBRASKA PLAINSMEN @ YORK REVOLUTION
08/10/2030
 
TOP OF THE 1ST
Nebraska Plainsmen batting - Pitching for York Revolution : RHP Desiderio Toccafundo
Pitching: RHP Desiderio Toccafundo
Batting: SHB Allen Pandey 0-0: Called Strike
0-1: Ball
1-1: Swinging Strike
1-2: Fly out, F7 (Line Drive, 7)
Batting: RHB Phil McCroskey 0-0: Ball
1-0: Called Strike
1-1: Called Strike
1-2: Ball
2-2: Strikes out looking
Batting: LHB Gerardo Ponce de Leon 0-0: Ball
1-0: Called Strike
1-1: Ball
2-1: Ball
3-1: Called Strike
3-2: Strikes out swinging
Top of the 1st over - 0 runs, 0 hits, 0 errors, 0 left on base; Nebraska 0 - York 0
BOTTOM OF THE 1ST
York Revolution batting - Pitching for Nebraska Plainsmen : LHP Étienne Leclerc
Pitching: LHP Étienne Leclerc
Batting: RHB James Deines 0-0: Called Strike
0-1: Foul Ball, location: 2F
0-2: Ball
1-2: Foul Ball, location: 2F
1-2: SINGLE (Line Drive, 6MD)
Batting: RHB John Clark 0-0: Ball
1-0: SINGLE (Groundball, 34D)
James Deines to second
Runner from 2nd tries for 3rd, SAFE, no throw
Batting: RHB Cisco Feijoo 0-0: SINGLE (Groundball, 56D)
James Deines scores
John Clark to second
Batting: RHB Eikki Kankaanperä 0-0: Foul Ball, location: 2F
0-1: Ball
1-1: Foul Ball, location: 2F
1-2: Foul Ball, location: 2F
1-2: Foul Ball, location: 2F
1-2: Foul Ball, location: 2F
1-2: Foul Ball, location: 2F
1-2: Grounds into double play, 6-4-3 (Groundball, 6)
John Clark to third
Batting: RHB Guy Toussaint 0-0: Swinging Strike
0-1: Ball
1-1: Fly out, F7 (Line Drive, 7)
Bottom of the 1st over - 1 run, 3 hits, 0 errors, 1 left on base; Nebraska 0 - York 1
TOP OF THE 2ND
Nebraska Plainsmen batting - Pitching for York Revolution : RHP Desiderio Toccafundo
Batting: LHB Dudley Gardner 0-0: Ball
1-0: Called Strike
1-1: Ball
2-1: Foul Ball, location: 2F
2-2: Strikes out swinging
Batting: RHB Dan Hendricks 0-0: Called Strike
0-1: Ground out 5-3 (Groundball, 5)
Batting: LHB Bob Knutson 0-0: SINGLE (Line Drive, 8LS)
Batting: RHB Shelby Loudenslager 0-0: Ball
1-0: Called Strike
1-1: Ball
2-1: Ball
3-1: Foul Ball, location: 2F
3-2: SINGLE (Flyball, 78S)
Bob Knutson to second
Bob Knutson to third
Batting: RHB Hamilton Swan 0-0: Ball
1-0: Foul Ball, location: 2F
1-1: Fielders Choice at 2nd, 6-4 (Groundball, 6)
Top of the 2nd over - 0 runs, 2 hits, 0 errors, 2 left on base; Nebraska 0 - York 1
BOTTOM OF THE 2ND
York Revolution batting - Pitching for Nebraska Plainsmen : LHP Étienne Leclerc
Batting: RHB Mark Patterson 0-0: Ball
1-0: Foul Ball, location: 2F
1-1: Ball
2-1: Fly out, F6 (Line Drive, 6M)
Batting: LHB Gong Mao 0-0: Ball
1-0: Ball
2-0: SINGLE (Flyball, 8RS)
Batting: RHB Lawrence Stokes 0-0: Ball
1-0: Ball
2-0: Called Strike
2-1: SINGLE (Groundball, 6D)
Gong Mao to second
Batting: RHB Tome Uso 0-0: Grounds into double play, 5-4-3 (Groundball, 5)
Bottom of the 2nd over - 0 runs, 2 hits, 0 errors, 1 left on base; Nebraska 0 - York 1
TOP OF THE 3RD
Nebraska Plainsmen batting - Pitching for York Revolution : RHP Desiderio Toccafundo
Batting: RHB Diego Martínez 0-0: Called Strike
0-1: Ball
1-1: Called Strike
1-2: Strikes out looking
Batting: SHB Allen Pandey 0-0: Ball
1-0: Called Strike
1-1: Foul Ball, location: 2F
1-2: Ball
2-2: Foul Ball, location: 2F
2-2: Strikes out swinging
Batting: RHB Phil McCroskey 0-0: Foul Ball, location: 2F
0-1: Called Strike
0-2: Ball
1-2: Ball
2-2: Ball
3-2: Strikes out looking
Top of the 3rd over - 0 runs, 0 hits, 0 errors, 0 left on base; Nebraska 0 - York 1
BOTTOM OF THE 3RD
York Revolution batting - Pitching for Nebraska Plainsmen : LHP Étienne Leclerc
Batting: RHB James Deines 0-0: Bunted foul
0-1: Ball
1-1: Called Strike
1-2: Ground out 6-3 (Groundball, 6)
Batting: RHB John Clark 0-0: Called Strike
0-1: Foul Ball, location: 2F
0-2: DOUBLE (Line Drive, 7LM)
Batting: RHB Cisco Feijoo 0-0: Ball
1-0: Called Strike
1-1: Ball
2-1: Foul Ball, location: 2F
2-2: Foul Ball, location: 2F
2-2: Foul Ball, location: 2F
2-2: Fly out, F5 (Line Drive, 5L)
Batting: RHB Eikki Kankaanperä 0-0: Ball
1-0: Foul Ball, location: 2F
1-1: Called Strike
1-2: Strikes out swinging
Bottom of the 3rd over - 0 runs, 1 hit, 0 errors, 1 left on base; Nebraska 0 - York 1
TOP OF THE 4TH
Nebraska Plainsmen batting - Pitching for York Revolution : RHP Desiderio Toccafundo
Batting: LHB Gerardo Ponce de Leon 0-0: Foul Ball, location: 2F
0-1: Ball
1-1: Foul Ball, location: 2F
1-2: DOUBLE (Line Drive, 9LS)
Batting: LHB Dudley Gardner 0-0: Called Strike
0-1: Ball
1-1: Called Strike
1-2: Strikes out looking
Batting: RHB Dan Hendricks 0-0: Ball
1-0: Ball
2-0: Swinging Strike
2-1: Ball
3-1: Ground out 4-3 (Groundball, 4)
Gerardo Ponce de Leon to third
Batting: LHB Bob Knutson 0-0: Called Strike
0-1: Ball
1-1: Called Strike
1-2: SINGLE (Groundball, 4MD)
Gerardo Ponce de Leon scores
Batting: RHB Shelby Loudenslager 0-0: Called Strike
0-1: Swinging Strike
0-2: Ball
1-2: Foul Ball, location: 2F
1-2: Strikes out swinging
Top of the 4th over - 1 run, 2 hits, 0 errors, 1 left on base; Nebraska 1 - York 1
BOTTOM OF THE 4TH
York Revolution batting - Pitching for Nebraska Plainsmen : LHP Étienne Leclerc
Batting: RHB Guy Toussaint 0-0: Called Strike
0-1: Ball
1-1: Called Strike
1-2: Ball
2-2: Ball
3-2: Strikes out swinging
Batting: RHB Mark Patterson 0-0: Ball
1-0: Ball
2-0: Fly out, F7 (Flyball, 78M)
Batting: LHB Gong Mao 0-0: Ground out 3-1 (Groundball, 34)
Bottom of the 4th over - 0 runs, 0 hits, 0 errors, 0 left on base; Nebraska 1 - York 1
TOP OF THE 5TH
Nebraska Plainsmen batting - Pitching for York Revolution : RHP Desiderio Toccafundo
Batting: RHB Hamilton Swan 0-0: Ball
1-0: Ball
2-0: Foul Ball, location: 2F
2-1: Fly out, F9 (Flyball, 9LS)
Batting: RHB Diego Martínez 0-0: Called Strike
0-1: Foul Ball, location: 2F
0-2: Foul Ball, location: 2F
0-2: Ball
1-2: Strikes out swinging
Batting: SHB Allen Pandey 0-0: Ball
1-0: Called Strike
1-1: Foul Ball, location: 2F
1-2: Ball
2-2: Ball
3-2: Strikes out swinging
Top of the 5th over - 0 runs, 0 hits, 0 errors, 0 left on base; Nebraska 1 - York 1
BOTTOM OF THE 5TH
York Revolution batting - Pitching for Nebraska Plainsmen : LHP Étienne Leclerc
Batting: RHB Lawrence Stokes 0-0: Fly out, F9 (Flyball, 9D)
Batting: RHB Tome Uso 0-0: Called Strike
0-1: Ground out 4-3 (Groundball, 4)
Batting: RHB James Deines 0-0: Ball
1-0: Ball
2-0: Ball
3-0: Called Strike
3-1: Foul Ball, location: 2F
3-2: Ground out 4-3 (Groundball, 4M)
Bottom of the 5th over - 0 runs, 0 hits, 0 errors, 0 left on base; Nebraska 1 - York 1
TOP OF THE 6TH
Nebraska Plainsmen batting - Pitching for York Revolution : RHP Desiderio Toccafundo
Batting: RHB Phil McCroskey 0-0: Swinging Strike
0-1: Ball
1-1: Swinging Strike
1-2: Ball
2-2: Ball
3-2: TRIPLE (Flyball, 8LXD)
Batting: LHB Gerardo Ponce de Leon 0-0: Called Strike
0-1: Ball
1-1: SINGLE (Groundball, 4MD)
Phil McCroskey scores
Batting: LHB Dudley Gardner 0-0: Ball
1-0: Foul Ball, location: 2F
1-1: Ball
2-1: Swinging Strike
2-2: Grounds into double play, 4-6-3 (Groundball, 4)
Batting: RHB Dan Hendricks 0-0: Ball
1-0: Called Strike
1-1: Called Strike
1-2: Strikes out swinging
Top of the 6th over - 1 run, 2 hits, 0 errors, 0 left on base; Nebraska 2 - York 1
BOTTOM OF THE 6TH
York Revolution batting - Pitching for Nebraska Plainsmen : LHP Étienne Leclerc
Batting: RHB John Clark 0-0: Called Strike
0-1: Ground out 4-3 (Groundball, 4M)
Batting: RHB Cisco Feijoo 0-0: Foul Ball, location: 2F
0-1: Ball
1-1: Foul Ball, location: 2F
1-2: Strikes out swinging
Batting: RHB Eikki Kankaanperä 0-0: Foul Ball, location: 2F
0-1: Ball
1-1: Swinging Strike
1-2: Strikes out swinging
Bottom of the 6th over - 0 runs, 0 hits, 0 errors, 0 left on base; Nebraska 2 - York 1
TOP OF THE 7TH
Nebraska Plainsmen batting - Pitching for York Revolution : RHP Desiderio Toccafundo
Batting: LHB Bob Knutson 0-0: Called Strike
0-1: Called Strike
0-2: Ball
1-2: Strikes out swinging
Batting: RHB Shelby Loudenslager 0-0: Ground out 6-3 (Groundball, 6)
Batting: RHB Hamilton Swan 0-0: Foul Ball, location: 2F
0-1: Ball
1-1: Ball
2-1: Foul Ball, location: 2F
2-2: SINGLE (Line Drive, 56D)
Pitching: RHP Miika Jarvi
Batting: RHB Diego Martínez 0-0: SINGLE (Flyball, 8RS)
Hamilton Swan to second
Pinch Hitting: SHB Rafael Porfrio 0-0: Foul Ball, location: 2F
0-1: Fly out, F8 (Line Drive, 8LM)
Top of the 7th over - 0 runs, 2 hits, 0 errors, 2 left on base; Nebraska 2 - York 1
BOTTOM OF THE 7TH
York Revolution batting - Pitching for Nebraska Plainsmen : LHP Étienne Leclerc
Now at SS: Matthias Ballerini
Batting: RHB Guy Toussaint 0-0: SINGLE (Flyball, 89S)
Pinch Runner at 1st Andy Alderliesten:
Batting: RHB Mark Patterson 0-0: Bunt missed!
0-1: Sac Bunt - play at first, batter OUT! 5-4
Andy Alderliesten to second
Pinch Hitting: RHB Pedro Flores 0-0: Called Strike
0-1: Fly out, F4 (Popup, 4)
Batting: RHB Lawrence Stokes 0-0: Fly out, F2 (Popup, 2L)
Bottom of the 7th over - 0 runs, 1 hit, 0 errors, 1 left on base; Nebraska 2 - York 1
TOP OF THE 8TH
Nebraska Plainsmen batting - Pitching for York Revolution : RHP Miika Jarvi
Now at 3B: Andy Alderliesten
Now in LF: Jack MacOmish
Batting: RHB Phil McCroskey 0-0: Ground out 6-3 (Groundball, 6)
Batting: LHB Gerardo Ponce de Leon 0-0: Swinging Strike
0-1: Ball
1-1: Called Strike
1-2: Foul Ball, location: 2F
1-2: Strikes out swinging
Batting: LHB Dudley Gardner 0-0: Foul Ball, location: 2F
0-1: Ball
1-1: Called Strike
1-2: Ball
2-2: Ball
3-2: Foul Ball, location: 2F
3-2: Foul Ball, location: 2F
3-2: Foul Ball, location: 2F
3-2: Base on Balls
Batting: RHB Dan Hendricks 0-0: Ball
1-0: Fielders Choice at 2nd, 6-4 (Groundball, 56)
Top of the 8th over - 0 runs, 0 hits, 0 errors, 1 left on base; Nebraska 2 - York 1
BOTTOM OF THE 8TH
York Revolution batting - Pitching for Nebraska Plainsmen : LHP Étienne Leclerc
Batting: RHB Tome Uso 0-0: Foul Ball, location: 2F
0-1: Ball
1-1: Ball
2-1: Ball
3-1: Foul Ball, location: 2F
3-2: SINGLE (Flyball, 78S)
Batting: RHB James Deines 0-0: Bunted foul
0-1: Sac Bunt - play at first, batter OUT! 1-4
Tome Uso to second
Batting: RHB John Clark 0-0: Ball
1-0: Ball
2-0: DOUBLE (Flyball, 89XD)
Tome Uso scores
Batting: RHB Cisco Feijoo 0-0: Foul Ball, location: 2F
0-1: Ball
1-1: Ball
2-1: Fly out, F8 (Flyball, 8RD)
Batting: RHB Eikki Kankaanperä 0-0: Ball
1-0: Ball
2-0: Called Strike
2-1: Ball
3-1: Base on Balls
Batting: RHB Andy Alderliesten 0-0: Swinging Strike
0-1: Foul Ball, location: 2F
0-2: Ball
1-2: Ball
2-2: SINGLE (Line Drive, 4M)
John Clark to third
Eikki Kankaanperä to second
Runner from 3rd tries for Home, SAFE, no throw
Batting: RHB Mark Patterson 0-0: Swinging Strike
0-1: Ground out 5-3 (Groundball, 56S)
Bottom of the 8th over - 2 runs, 3 hits, 0 errors, 2 left on base; Nebraska 2 - York 3
TOP OF THE 9TH
Nebraska Plainsmen batting - Pitching for York Revolution : RHP Miika Jarvi
Pitching: LHP Sicnarf Loopstok
Now at 1B: Carlo Manlulu
Pinch Hitting: RHB David Crow 0-0: Ball
1-0: Foul Ball, location: 2F
1-1: Ball
2-1: Swinging Strike
2-2: Ball
3-2: Strikes out swinging
Batting: RHB Shelby Loudenslager 0-0: Foul Ball, location: 2F
0-1: SINGLE (Line Drive, 7S)
Pinch Runner at 1st Pedro García:
Batting: RHB Hamilton Swan 0-0: Ball
1-0: Ball
2-0: Ball
3-0: Base on Balls
Pedro García to second
Batting: RHB Diego Martínez 0-0: Ball
1-0: Foul Ball, location: 2F
1-1: Ball
2-1: Ball
3-1: Base on Balls
Pedro García to third
Hamilton Swan to second
Pinch Hitting: RHB Tatsui Murakami 0-0: Ball
1-0: Ball
2-0: Ball
3-0: Base on Balls
Pedro García scores
Hamilton Swan to third
Diego Martínez to second
Batting: RHB Phil McCroskey 0-0: Called Strike
0-1: Foul Ball, location: 2F
0-2: Ball
1-2: Ball
2-2: Strikes out swinging
Batting: LHB Gerardo Ponce de Leon 0-0: Fielders Choice at 2nd, 5-4 (Groundball, 5L)
Top of the 9th over - 1 run, 1 hit, 0 errors, 3 left on base; Nebraska 3 - York 3
BOTTOM OF THE 9TH
York Revolution batting - Pitching for Nebraska Plainsmen : LHP Étienne Leclerc
Now at C: Gary Mosley
Now at SS: Charles Mackey
Now in LF: Tatsui Murakami
Pinch Hitting: LHB Joe Ellison 0-0: Called Strike
0-1: Ball
1-1: Foul Ball, location: 2F
1-2: Ball
2-2: Foul Ball, location: 2F
2-2: Ground out 6-3 (Groundball, 6S)
Pitching: LHP Pablo Aguilar
Batting: RHB Lawrence Stokes 0-0: Foul Ball, location: 2F
0-1: Foul Ball, location: 2F
0-2: Strikes out swinging
Batting: RHB Tome Uso 0-0: Ball
1-0: Reached via error on a dropped throw, E3
Batting: RHB James Deines 0-0: Called Strike
0-1: Foul Ball, location: 2F
0-2: Foul Ball, location: 2F
0-2: Foul Ball, location: 2F
0-2: Foul Ball, location: 2F
0-2: Ground out 5-3 (Groundball, 56S)
Bottom of the 9th over - 0 runs, 0 hits, 1 error, 1 left on base; Nebraska 3 - York 3
TOP OF THE 10TH
Nebraska Plainsmen batting - Pitching for York Revolution : LHP Sicnarf Loopstok
Pitching: LHP Elmo Ciccolella
Now in LF: Joe Ellison
Batting: LHB Dudley Gardner 0-0: Ball
1-0: Called Strike
1-1: Ball
2-1: Ball
3-1: Fly out, F8 (Flyball, 8RD)
Batting: RHB Dan Hendricks 0-0: Called Strike
0-1: Ball
1-1: Ball
2-1: Foul Ball, location: 2F
2-2: Ball
3-2: Foul Ball, location: 2F
3-2: SINGLE (Groundball, 4) (infield hit)
Batting: RHB Gary Mosley 0-0: Ball
1-0: Called Strike
1-1: Ball
2-1: Ball
3-1: Foul Ball, location: 2F
3-2: Base on Balls
Dan Hendricks to second
Pinch Hitting: RHB Troy Ross 0-0: Called Strike
0-1: Ball
1-1: Ball
2-1: Foul Ball, location: 2F
2-2: Foul Ball, location: 2F
2-2: Strikes out looking
Batting: RHB Hamilton Swan 0-0: Called Strike
0-1: Ball
1-1: SINGLE (Groundball, 6MD)
Dan Hendricks to third
Gary Mosley to second
Runner from 3rd tries for Home, SAFE, no throw
Batting: RHB Diego Martínez 0-0: Called Strike
0-1: Ball
1-1: Called Strike
1-2: Reached on error, E5 (Groundball, 56)
Gary Mosley to third
Hamilton Swan to second
Batting: RHB Tatsui Murakami 0-0: Ball
1-0: Ball
2-0: Ball
3-0: Base on Balls
Gary Mosley scores
Hamilton Swan to third
Diego Martínez to second
Batting: RHB Phil McCroskey 0-0: Foul Ball, location: 2F
0-1: Ball
1-1: Ball
2-1: Fielders Choice at 2nd, 6-4 (Groundball, 6)
Top of the 10th over - 2 runs, 2 hits, 1 error, 3 left on base; Nebraska 5 - York 3
BOTTOM OF THE 10TH
York Revolution batting - Pitching for Nebraska Plainsmen : LHP Pablo Aguilar
Pitching: RHP Nick Kelley
Now at 1B: Troy Ross
Batting: RHB John Clark 0-0: Called Strike
0-1: Foul Ball, location: 2F
0-2: SINGLE (Line Drive, 56D)
Batting: RHB Cisco Feijoo 0-0: Ball
1-0: Fly out, F9 (Flyball, 89S)
Batting: RHB Eikki Kankaanperä 0-0: Swinging Strike
0-1: Swinging Strike
0-2: SINGLE (Groundball, 6MD)
John Clark to second
Batting: RHB Andy Alderliesten 0-0: Called Strike
0-1: Fielders Choice at 2nd, 4-6 (Groundball, 4)
John Clark to third
Batting: RHB Carlo Manlulu 0-0: Called Strike
0-1: Ball
1-1: Ball
2-1: Ball
3-1: SINGLE (Groundball, 6MD)
John Clark scores
Andy Alderliesten to second
Runner from 2nd tries for 3rd, SAFE, no throw
Batting: LHB Joe Ellison 0-0: Called Strike
0-1: Ball
1-1: Foul Ball, location: 2F
1-2: Ball
2-2: SINGLE (Flyball, 34D)
Andy Alderliesten scores
Carlo Manlulu to second
Runner from 2nd tries for 3rd, SAFE, no throw
Batting: RHB Lawrence Stokes 0-0: Ball
1-0: Ball
2-0: Ball
3-0: Base on Balls
Joe Ellison to second
Batting: RHB Tome Uso 0-0: Ball
1-0: Ball
2-0: Fly out, F9 (Flyball, 89M)
Bottom of the 10th over - 2 runs, 4 hits, 0 errors, 3 left on base; Nebraska 5 - York 5
TOP OF THE 11TH
Nebraska Plainsmen batting - Pitching for York Revolution : LHP Elmo Ciccolella
Pitching: LHP Tracy Cowdin
Batting: LHB Gerardo Ponce de Leon 0-0: Ball
1-0: Ball
2-0: Called Strike
2-1: Ball
3-1: Called Strike
3-2: SINGLE (Line Drive, 8RS)
Batting: LHB Dudley Gardner 0-0: Called Strike
0-1: Called Strike
0-2: Foul Ball, location: 2F
0-2: SINGLE (Flyball, 89S)
Gerardo Ponce de Leon to second
Gerardo Ponce de Leon to third
Batting: RHB Dan Hendricks 0-0: Swinging Strike
0-1: Foul Ball, location: 2F
0-2: SINGLE (Flyball, 89S)
Gerardo Ponce de Leon scores
Dudley Gardner to second
Runner from 2nd tries for 3rd, SAFE, no throw
Batting: RHB Gary Mosley 0-0: Foul Ball, location: 2F
0-1: Ball
1-1: Swinging Strike
1-2: Ball
2-2: Strikes out swinging
Batting: RHB Troy Ross 0-0: Ball
1-0: Called Strike
1-1: Ball
2-1: Ground out 5-3 (Groundball, 5)
Dan Hendricks to second
Batting: RHB Hamilton Swan 0-0: Called Strike
0-1: Ball
1-1: Foul Ball, location: 2F
1-2: Foul Ball, location: 2F
1-2: Foul Ball, location: 2F
1-2: Ball
2-2: Ball
3-2: Reached on error, E3 (Groundball, 34)
Dudley Gardner scores
Dan Hendricks to third
Batting: RHB Diego Martínez 0-0: Called Strike
0-1: Foul Ball, location: 2F
0-2: Strikes out swinging
Top of the 11th over - 2 runs, 3 hits, 1 error, 2 left on base; Nebraska 7 - York 5
BOTTOM OF THE 11TH
York Revolution batting - Pitching for Nebraska Plainsmen : RHP Nick Kelley
Pitching: RHP Frederick Vázquez
Batting: RHB James Deines 0-0: Foul Ball, location: 2F
0-1: Called Strike
0-2: Foul Ball, location: 2F
0-2: Ball
1-2: Ball
2-2: Foul Ball, location: 2F
2-2: Ball
3-2: Strikes out swinging
Batting: RHB John Clark 0-0: Foul Ball, location: 2F
0-1: Ball
1-1: Fly out, F9 (Flyball, 89D)
Batting: RHB Cisco Feijoo 0-0: Foul Ball, location: 2F
0-1: Foul Ball, location: 2F
0-2: Ground out 5-3 (Groundball, 56)
Bottom of the 11th over - 0 runs, 0 hits, 0 errors, 0 left on base; Nebraska 7 - York 5
Sunday, March 18th, 2018 - OOTP Baseball 18.8 Build 76